 Dungeon Crawl Stone Soup version 0.30.1-11-g7821555f0a (webtiles) character file.

Game seed: 5181281541833264587

22265 jfcaron the Covert (level 12, -9/144 HPs)
             Began as a Gnoll Brigand on Nov 4, 2023.
             Was a Priest of Trog.
             Mangled by a death yak (17 damage)
             ... on level 8 of the Dungeon.
             The game lasted 00:45:55 (14066 turns).

jfcaron the Covert (Gnoll Brigand)                 Turns: 14066, Time: 00:45:55

Health: -9/144     AC: 12    Str: 14    XL:     12   Next: 98%
Magic:  24/24      EV: 14    Int: 19    God:    Trog [***...]
Gold:   782        SH: 10    Dex: 13    Spells: 27/27 levels left

rFire   + . .        N - +2 trident (venom)
rCold   + . .        L - +0 kite shield
rNeg    + . .        Q - +5 steam dragon scales
rPois   +            S - -2 hat of the Alchemist {rElec rPois rF+ rC+ rN+ Will+ rMut rCorr}
rElec   +            c - +1 cloak
rCorr   +            (no gloves)
SInv    .            (no boots)
Will    +....        w - amulet of magic regeneration Stlth
                     j - ring of resist corrosion
HPRegen 0.44/turn    F - +6 ring of intelligence
MPRegen 0.59/turn

%: resist mutation
@: berserking (expiring), very quick
A: fangs 1, strong nose, distributed training
a: Renounce Religion, Berserk, Trog's Hand


You were on level 8 of the Dungeon.
You worshipped Trog.
Trog was most pleased with you.
You visited 1 branch of the dungeon, and saw 11 of its levels.
You also visited: Bailey.

You collected 782 gold pieces.

Inventory:

Hand Weapons
 a - a +2 short sword of protection
   (You took it off Duvessa on level 7 of the Dungeon)
 e - a +1 war axe of electrocution
   (You took it off an orc warrior on level 11 of the Dungeon)
 A - a +0 rapier
 N - a +2 trident of venom (weapon)
   (You took it off a gnoll sergeant on level 11 of the Dungeon)
 W - the +2 spear "Inluc" {drain, rC+ rN+}
   (You found it on level 11 of the Dungeon)

   rC:        It protects you from cold.
   rN:        It protects you from negative energy.
Missiles
 d - 17 poisoned darts
 h - 41 stones (quivered)
 K - 5 boomerangs
 P - a javelin
Armour
 c - a +1 cloak (worn)
 y - a +0 plate armour
 L - a +0 kite shield (worn)
 O - a +0 scale mail of cold resistance
   (You found it on level 7 of the Dungeon)
 Q - +5 steam dragon scales (worn)
 S - the -2 hat of the Alchemist (worn) {rElec rPois rF+ rC+ rN+ Will+ rMut rCorr}
   (You acquired it in a bailey)

   rF:        It protects you from fire.
   rC:        It protects you from cold.
   rElec:     It insulates you from electricity.
   rPois:     It protects you from poison.
   rN:        It protects you from negative energy.
   rCorr:     It protects you from acid and corrosion.
   rMut:      It protects you from mutation.
   Will:      It increases your willpower.
Magical Staves
 v - a staff of air
   (You found it on level 2 of the Dungeon)
Jewellery
 j - a ring of resist corrosion (left hand)
 w - an amulet of magic regeneration (around neck)
   (You found it on level 4 of the Dungeon)
 F - a +6 ring of intelligence (right hand)
   (You found it on level 6 of the Dungeon)
Scrolls
 q - 3 scrolls of enchant armour
 s - a scroll of blinking
 u - 4 scrolls of immolation
 z - 2 scrolls of magic mapping
 J - 4 scrolls of summoning
 T - a scroll of enchant weapon {unknown}
 V - a scroll of noise {unknown}
Potions
 f - a potion of flight
 g - 3 potions of might
 m - 8 potions of cancellation
 n - 3 potions of invisibility {unknown}
 o - 3 potions of resistance
 p - 3 potions of mutation
 r - a potion of experience {unknown}
 t - 5 potions of attraction
 x - 3 potions of lignification
 D - a potion of ambrosia {unknown}
 E - a potion of heal wounds
 G - a potion of curing
 I - a potion of brilliance {unknown}
 M - a potion of magic {unknown}
 R - a potion of haste {unknown}


   Skills:
 + Level 9.4 Fighting
 + Level 9.4 Short Blades
 + Level 8.1 Long Blades
 + Level 8.1 Axes
 + Level 8.1 Maces & Flails
 + Level 8.1 Polearms
 + Level 8.1 Staves
 + Level 8.1 Ranged Weapons
 + Level 9.4 Throwing
 + Level 8.1 Armour
 + Level 8.5 Dodging
 + Level 11.2 Stealth
 + Level 8.1 Shields
 + Level 8.1 Unarmed Combat
 + Level 8.1 Spellcasting
 + Level 6.7 Conjurations
 + Level 6.7 Hexes
 + Level 6.7 Summonings
 + Level 6.7 Necromancy
 + Level 6.7 Translocations
 + Level 6.7 Transmutations
 + Level 6.7 Fire Magic
 + Level 6.7 Ice Magic
 + Level 6.7 Air Magic
 + Level 6.7 Earth Magic
 + Level 6.7 Poison Magic
 + Level 8.9 Invocations
 + Level 8.1 Evocations


You had 27 spell levels left.
You didn't know any spells.
Your spell library contained the following spells:

 Spells                   Type           Power      Damage    Failure   Level
 Beastly Appendage        Tmut           66%        N/A       1%          1
 Ensorcelled Hibernation  Hex/Ice        66%        N/A       2%          2
 Passwall                 Tmut/Erth      27%        N/A       2%          2
 Wereblood                Tmut           33%        N/A       2%          2
 Ignite Poison            Fire/Tmut/Pois 33%        N/A       4%          3
 Ozocubu's Armour         Ice            33%        N/A       4%          3
 Spider Form              Tmut/Pois      33%        N/A       4%          3
 Swiftness                Air            33%        N/A       4%          3
 Sticky Flame             Conj/Fire      33%        2d5       14%         4
 Metabolic Englaciation   Hex/Ice        16%        N/A       36%         5
 Simulacrum               Ice/Necr       16%        N/A       91%         6
 Ignition                 Fire           16%        3d7       100%        8


Dungeon Overview and Level Annotations

Branches:
Dungeon (11/15)            Temple (0/1) D:7            Lair (0/5) D:8
    Orc (0/2) D:9          Bailey (visited)

Altars:
Cheibriados
Dithmenos
Fedhas
Hepliaklqana
Makhleb
Nemelex Xobeh
Okawaru
Qazlal
Ru
Sif Muna
Trog
Vehumet
Wu Jian
Xom
Yredelemnul
Zin

Shops:
D:2 :

Annotations:
D:9 exclusions: door and hydra
D:11 exclusions: door and 1 more exclusion


Innate Abilities, Weirdness & Mutations

You have very sharp teeth.
Your uncanny sense of smell can sniff out nearby items.
Your experience applies equally to all skills.


Message History

* * * LOW HITPOINT WARNING * * *
Reach: N) +2 trident (venom)
Press: ? - help, Dir - move target, f/p - death yak
Aim: a death yak (lightly wounded, very poisoned, about 18% to evade your +2 trident of venom)
The death yak is in the way.
You puncture the death yak!
You kill the death yak!
Trog accepts your kill.
Reach: N) +2 trident (venom)
Press: ? - help, Dir - move target, f/p - death yak
Aim: a death yak (lightly wounded, very poisoned, about 18% to evade your +2 trident of venom)
You reach to attack!
You barely miss the death yak.
The death yak is lightly wounded.
Reach: N) +2 trident (venom)
Press: ? - help, Dir - move target, f/p - death yak
Aim: a death yak (lightly wounded, very poisoned, about 18% to evade your +2 trident of venom)
You hit the death yak.
The death yak looks as sick as possible!
The death yak is lightly wounded.
The death yak gores you!
* * * LOW HITPOINT WARNING * * *
Reach: N) +2 trident (venom)
Press: ? - help, Dir - move target, f - death yak, p - death yak
Aim: a death yak (about 18% to evade your +2 trident of venom)
You reach to attack!
You puncture the death yak!
The death yak is lightly wounded.
Reach: N) +2 trident (venom)
Press: ? - help, Dir - move target, f/p - death yak
Aim: a death yak (lightly wounded, about 18% to evade your +2 trident of venom)
You reach to attack!
You puncture the death yak!
The death yak is moderately wounded.
You block the death yak's attack.
Reach: N) +2 trident (venom)
Press: ? - help, Dir - move target, f/p - death yak
Aim: a death yak (moderately wounded, about 18% to evade your +2 trident of venom)
The death yak is in the way.
You puncture the death yak!
The death yak looks as sick as possible!
You bite the death yak.
The death yak is heavily wounded.
The death yak gores you!
You die...

#.####......#...###.....####.....
#.# ##.......#.###8...8####.##..
#.#####......##..####_####.#.###.
...........|.....#########......[
##.......[...............###.##[#
..!......$####.........###.#...
##..........# ###...............
.#.........############.....)....
.......#......Y...# #.........
∆..........# #.........
...........# #.........
..#........## #.........
?..........# ########..
..#........# ### ..#.


You could see 2 death yaks.

Vanquished Creatures
  4 centaur warriors
  5 two-headed ogres
  5 death yaks (D:8)
  2 boulder beetles (D:11)
  3 orc knights
  A deep elf pyromancer (D:11)
  2 ugly things (D:11)
  3 manticores (D:11)
  3 cyclopes (D:11)
  Maggie (D:8)
  2 unseen horrors (D:11)
  A yaktaur (D:11)
  A troll (D:11)
  2 hornets
  Sigmund (D:3)
  A yak (D:9)
  2 shadows (D:11)
  2 wyverns
  A slime creature (D:11)
  4 wraiths
  Duvessa (D:7)
  2 water moccasins
  A sky beast (D:7)
  3 ice beasts
  13 orc warriors
  9 centaurs
  An ogre (D:7)
  2 phantoms
  4 kobold brigands
  2 bullfrogs
  3 scorpions
  A gnoll sergeant (D:11)
  3 wights (D:6)
  Dowan (D:7)
  6 killer bees (D:9)
  An electric eel (D:10)
  5 howler monkeys
  2 hounds
  A jelly (D:8)
  5 orc priests
  2 gnoll boudas
  An iguana (D:5)
  2 sleepcaps (D:5)
  5 orc wizards
  Robin (D:3)
  6 gnolls
  3 adders
  A white imp (D:8)
  2 worms
  2 dart slugs
  34 orcs
  7 ball pythons
  9 endoplasms
  2 giant cockroaches
  22 goblins
  6 hobgoblins
  2 jackals (D:4)
  8 kobolds
  10 quokkas
  7 bats
  3 frilled lizards (D:1)
  A rat (D:2)
  A butterfly (D:7)
249 creatures vanquished.

Notes
Turn   | Place    | Note
-------+----------+-------------------------------------------
     0 | D:1      | jfcaron the Gnoll Brigand began the quest for the Orb.
     0 | D:1      | Reached XP level 1. HP: 20/20 MP: 1/1
    86 | D:1      | Reached XP level 2. HP: 23/26 MP: 2/2
   428 | D:1      | Reached XP level 3. HP: 29/31 MP: 3/3
   652 | D:2      | Found Cekhlof's Book Emporium.
   804 | D:2      | Reached skill level 1 in Invocations
   861 | D:2      | Reached skill level 1 in Long Blades
   861 | D:2      | Reached skill level 1 in Axes
   861 | D:2      | Reached skill level 1 in Maces & Flails
   861 | D:2      | Reached skill level 1 in Polearms
   861 | D:2      | Reached skill level 1 in Staves
   861 | D:2      | Reached skill level 1 in Ranged Weapons
   861 | D:2      | Reached skill level 1 in Armour
   861 | D:2      | Reached skill level 1 in Shields
   861 | D:2      | Reached skill level 1 in Unarmed Combat
   861 | D:2      | Reached skill level 1 in Spellcasting
   861 | D:2      | Reached skill level 1 in Evocations
  1063 | D:2      | Reached XP level 4. HP: 35/38 MP: 5/5
  1299 | D:2      | Found a faded altar of an unknown god.
  1307 | D:2      | Prayed at the altar of an unknown god.
  1307 | D:2      | Became a worshipper of Trog the Wrathful
  1307 | D:2      | Reached * piety under Trog
  1637 | D:3      | Noticed Robin
  1764 | D:3      | Reached skill level 1 in Conjurations
  1764 | D:3      | Reached skill level 1 in Hexes
  1764 | D:3      | Reached skill level 1 in Summonings
  1764 | D:3      | Reached skill level 1 in Necromancy
  1764 | D:3      | Reached skill level 1 in Translocations
  1764 | D:3      | Reached skill level 1 in Transmutations
  1764 | D:3      | Reached skill level 1 in Fire Magic
  1764 | D:3      | Reached skill level 1 in Ice Magic
  1764 | D:3      | Reached skill level 1 in Air Magic
  1764 | D:3      | Reached skill level 1 in Earth Magic
  1764 | D:3      | Reached skill level 1 in Poison Magic
  1800 | D:3      | Killed Robin
  1927 | D:3      | Reached ** piety under Trog
  2125 | D:3      | Noticed Sigmund
  2129 | D:3      | Killed Sigmund
  2130 | D:3      | Reached skill level 5 in Fighting
  2130 | D:3      | Reached skill level 5 in Short Blades
  2130 | D:3      | Reached skill level 5 in Throwing
  2130 | D:3      | Reached skill level 8 in Stealth
  2130 | D:3      | Reached XP level 5. HP: 44/44 MP: 5/7
  2130 | D:3      | Reached XP level 6. HP: 51/51 MP: 5/8
  2346 | D:3      | Found a basalt altar of Yredelemnul.
  2685 | D:4      | Noticed a water moccasin
  2688 | D:4      | Killed a water moccasin
  3075 | D:5      | Entered Level 5 of the Dungeon
  3109 | D:5      | Reached XP level 7. HP: 44/56 MP: 10/10
  3478 | D:5      | Found a hazy altar of Hepliaklqana.
  3823 | D:6      | Reached XP level 8. HP: 63/63 MP: 12/12
  4540 | D:6      | Found a bloodstained altar of Trog.
  4540 | D:6      | Found a shimmering altar of Xom.
  5342 | D:7      | Found a staircase to the Ecumenical Temple.
  5410 | D:7      | Reached XP level 9. HP: 43/69 MP: 14/14
  5840 | D:7      | Found a burning altar of Makhleb.
  5840 | D:7      | Found a glowing silver altar of Zin.
  5840 | D:7      | Found a shimmering blue altar of Sif Muna.
  5840 | D:7      | Found a blossoming altar of Fedhas.
  5840 | D:7      | Found an iron altar of Okawaru.
  5841 | D:7      | Found a sparkling altar of Nemelex Xobeh.
  5843 | D:7      | Found a snail-covered altar of Cheibriados.
  5849 | D:7      | Reached skill level 5 in Dodging
  5887 | D:7      | Found a stormy altar of Qazlal.
  5987 | D:7      | Reached skill level 9 in Stealth
  6314 | D:7      | Noticed Duvessa
  6321 | D:7      | Noticed Dowan
  6327 | D:7      | Killed Dowan
  6332 | D:7      | HP: 13/106 [Duvessa/+2 short sword of protection (13)]
  6333 | D:7      | Killed Duvessa
  6874 | D:8      | Noticed a death yak
  6916 | D:8      | Noticed a two-headed ogre
  6934 | D:8      | Reached skill level 5 in Invocations
  6934 | D:8      | Found an ornate altar of the Wu Jian Council.
  6955 | D:8      | Killed a two-headed ogre
  7038 | D:8      | Found a sacrificial altar of Ru.
  7050 | D:8      | Noticed a death yak
  7135 | D:8      | Reached skill level 5 in Long Blades
  7135 | D:8      | Reached skill level 5 in Axes
  7135 | D:8      | Reached skill level 5 in Maces & Flails
  7135 | D:8      | Reached skill level 5 in Polearms
  7135 | D:8      | Reached skill level 5 in Staves
  7135 | D:8      | Reached skill level 5 in Ranged Weapons
  7135 | D:8      | Reached skill level 5 in Armour
  7135 | D:8      | Reached skill level 5 in Shields
  7135 | D:8      | Reached skill level 5 in Unarmed Combat
  7135 | D:8      | Reached skill level 5 in Spellcasting
  7135 | D:8      | Reached skill level 5 in Evocations
  7138 | D:8      | Reached XP level 10. HP: 77/77 MP: 17/17
  7200 | D:8      | Noticed a death yak
  7220 | D:8      | Noticed Maggie
  7256 | D:8      | Killed Maggie
  7564 | D:9      | Noticed a two-headed ogre
  7583 | D:9      | Killed a two-headed ogre
  7619 | D:9      | Found a flagged portal.
  7661 | Bailey   | Entered a bailey
  7772 | Bailey   | Reached *** piety under Trog
  7987 | Bailey   | Noticed an orc knight
  7990 | Bailey   | Killed an orc knight
  8023 | Bailey   | Noticed an orc knight
  8050 | Bailey   | Killed an orc knight
  8129 | Bailey   | Acquired the -2 hat of the Alchemist {rElec rPois rF+ rC+
                  | rN+ Will+ rMut rCorr}
  8129 | Bailey   | Found the -2 hat of the Alchemist {rElec rPois rF+ rC+ rN+
                  | Will+ rMut rCorr}
  8251 | D:9      | Reached skill level 5 in Conjurations
  8251 | D:9      | Reached skill level 5 in Hexes
  8251 | D:9      | Reached skill level 5 in Summonings
  8251 | D:9      | Reached skill level 5 in Necromancy
  8251 | D:9      | Reached skill level 5 in Translocations
  8251 | D:9      | Reached skill level 5 in Transmutations
  8251 | D:9      | Reached skill level 5 in Fire Magic
  8251 | D:9      | Reached skill level 5 in Ice Magic
  8251 | D:9      | Reached skill level 5 in Air Magic
  8251 | D:9      | Reached skill level 5 in Earth Magic
  8251 | D:9      | Reached skill level 5 in Poison Magic
  8481 | D:9      | Paralysed by a hornet for 1 turns
  8486 | D:9      | Reached XP level 11. HP: 50/85 MP: 20/20
  8499 | D:9      | Reached skill level 10 in Stealth
  8703 | D:9      | Noticed a five-headed hydra
  8711 | D:9      | Noticed a centaur warrior
  8726 | D:9      | Killed a centaur warrior
  8972 | D:9      | Noticed a centaur warrior
  8972 | D:9      | Noticed a centaur warrior
  8972 | D:9      | Noticed a centaur warrior
  8972 | D:9      | Noticed a cyclops
  8972 | D:9      | Noticed a catoblepas
  8977 | D:9      | HP: 17/86 [centaur warrior/arrow (9)]
  8979 | D:9      | Killed a centaur warrior
  9224 | D:9      | Found a staircase to the Orcish Mines.
  9245 | D:9      | Found a radiant altar of Vehumet.
  9679 | D:9      | Noticed a cyclops
  9679 | D:9      | Noticed a necromancer
  9898 | D:10     | Entered Level 10 of the Dungeon
 10129 | D:10     | Noticed a centaur warrior
 10176 | D:10     | Killed a centaur warrior
 10299 | D:10     | Found a shadowy altar of Dithmenos.
 10754 | D:10     | Noticed a two-headed ogre
 10769 | D:10     | Killed a two-headed ogre
 11312 | D:11     | Noticed a cyclops
 11315 | D:11     | Noticed a cyclops
 11316 | D:11     | Noticed a purple ugly thing
 11318 | D:11     | Noticed a cyclops
 11500 | D:11     | Identified the +2 spear "Inluc" {drain, rC+ rN+}
 11587 | D:11     | Killed a cyclops
 11715 | D:11     | HP: 15/87 [something (7)]
 12002 | D:11     | Killed a cyclops
 12072 | D:11     | Noticed a manticore
 12075 | D:11     | Killed a manticore
 12103 | D:11     | Noticed a boulder beetle
 12103 | D:11     | Noticed a two-headed ogre
 12127 | D:11     | Killed a two-headed ogre
 12128 | D:11     | Reached XP level 12. HP: 90/94 MP: 22/22
 12142 | D:11     | Killed a boulder beetle
 12142 | D:11     | Reached **** piety under Trog
 12412 | D:11     | HP: 17/94 [deep elf pyromancer/bolt of fire (12)]
 12494 | D:11     | HP: 16/94 [yaktaur (14)]
 12876 | D:11     | Noticed a two-headed ogre
 12885 | D:11     | Killed a two-headed ogre
 12918 | D:11     | HP: 9/94 [orc knight/+0 war axe (15)]
 13269 | D:11     | Noticed a five-headed hydra
 13341 | D:11     | HP: 18/95 [white ugly thing (17)]
 13351 | D:11     | Identified the +1 leather armour of the Fuzzy Sturgeon
                  | {rPois}
 13422 | D:11     | Noticed a centaur warrior
 13433 | D:11     | Killed a centaur warrior
 13434 | D:11     | Reached skill level 11 in Stealth
 13446 | D:11     | Noticed a boulder beetle
 13450 | D:11     | Noticed a two-headed ogre
 13475 | D:11     | Killed a boulder beetle
 13502 | D:11     | HP: 18/95 [vampire mosquito (4)]
 13506 | D:11     | HP: 6/95 [troll (8)]
 13974 | D:8      | Found a staircase to the Lair.
 13975 | D:8      | Noticed a death yak
 13976 | D:8      | Noticed a death yak
 13976 | D:8      | Noticed a death yak
 13977 | D:8      | Noticed a death yak
 13998 | D:8      | Killed a death yak
 14018 | D:8      | Killed a death yak
 14035 | D:8      | Killed a death yak
 14049 | D:8      | Killed a death yak
 14060 | D:8      | HP: 21/142 [death yak (15)]
 14061 | D:8      | Killed a death yak
 14063 | D:8      | HP: 7/144 [death yak (15)]
 14066 | D:8      | Mangled by a death yak

Illustrated notes

Levels and vault maps discovered:
D:1:      lightli_molten_gateway, layout_rooms, moated_statue
D:2:      layout_loops_ring, serial_shops, shop,
          shapermc_ecumenical_altar_hornbeckon
D:3:      layout_basic, lemuel_doored_altar, roderic_roman_lattice, uniq_robin,
          uniq_sigmund
D:4:      layout_rooms
D:5:      layout_basic, mainiacjoe_overflow_alcove_2
D:6:      layout_cave_pools, nicolae_overflow_two_pavilions,
          kennysheep_cluttered_room
D:7:      layout_loops_corners, minitemple, minmay_temple_entry_butterflies,
          uniq_duvessa
D:8:      layout_rooms, lemuel_crystal_altar, nicolae_overflow_hidden_temple,
          dpeg_lair_monsters, serial_glass, glass_columns_b, glass_columns_a,
          glass_columns_a, glass_columns_a, uniq_maggie
D:9:      layout_loops_ring, mainiacjoe_overflow_paths, orc_0_dummy,
          enter_bailey_4, nicolae_rejected_hall
D:10:     layout_loops_cross, grunt_dithmenos_smoke,
          kennysheep_cross_bottleneck, hangedman_decor_clover_reticule
D:11:     nzn_winding_woodlands_stair_cross
          [nzn_winding_woodlands_5x15_longhouse,
          nzn_winding_woodlands_center_garden,
          nzn_winding_woodlands_5x15_river_crossing,
          nzn_winding_woodlands_5x5_checkerboard,
          nzn_winding_woodlands_5x5_cross, nzn_winding_woodlands_5x15_sawtooth,
          nzn_winding_woodlands_center_pierced_h,
          nzn_winding_woodlands_5x15_pool], layout_loops_ring,
          corexii_leaking_fountain

Skill      XL: |  1  2  3  4  5  6  7  8  9 10 11 12 |
---------------+-------------------------------------+-----
Invocations    | 1 2 3 4 5 6 7 8 |  8.9
Long Blades    | 1 2 3 5 6 7 8 |  8.1
Axes           | 1 2 3 5 6 7 8 |  8.1
Maces & Flails | 1 2 3 5 6 7 8 |  8.1
Polearms       | 1 2 3 5 6 7 8 |  8.1
Staves         | 1 2 3 5 6 7 8 |  8.1
Ranged Weapons | 1 2 3 5 6 7 8 |  8.1
Armour         | 1 2 3 5 6 7 8 |  8.1
Shields        | 1 2 3 5 6 7 8 |  8.1
Unarmed Combat | 1 2 3 5 6 7 8 |  8.1
Spellcasting   | 1 2 3 5 6 7 8 |  8.1
Evocations     | 1 2 3 5 6 7 8 |  8.1
Conjurations   | 1 2 3 4 5 6 |  6.7
Hexes          | 1 2 3 4 5 6 |  6.7
Summonings     | 1 2 3 4 5 6 |  6.7
Necromancy     | 1 2 3 4 5 6 |  6.7
Translocations | 1 2 3 4 5 6 |  6.7
Transmutations | 1 2 3 4 5 6 |  6.7
Fire Magic     | 1 2 3 4 5 6 |  6.7
Ice Magic      | 1 2 3 4 5 6 |  6.7
Air Magic      | 1 2 3 4 5 6 |  6.7
Earth Magic    | 1 2 3 4 5 6 |  6.7
Poison Magic   | 1 2 3 4 5 6 |  6.7
Fighting       | 5 6 7 8 9 |  9.4
Short Blades   | 5 6 7 8 9 |  9.4
Throwing       | 5 6 7 8 9 |  9.4
Dodging        | 3 4 5 6 7 8 |  8.5
Stealth        | 8 9 10 11 | 11.2

Action                     |  1- 3 |  4- 6 |  7- 9 | 10-12 || total
---------------------------+-------+-------+-------+-------++-------
  Melee: Dagger            |    80 |   144 |   175 |       ||   399
         Bite              |     3 |    11 |    21 |    97 ||   132
         Punch             |       |       |     4 |       ||     4
         Short sword       |       |       |    43 |   645 ||   688
         Trident           |       |       |       |    30 ||    30
         War axe           |       |       |       |    15 ||    15
  Throw: Dart              |     6 |    17 |    54 |   134 ||   211
         Stone             |       |     4 |    45 |    22 ||    71
         Javelin           |       |       |    14 |    12 ||    26
         Boomerang         |       |       |       |     4 ||     4
 Invoke: Berserk           |       |       |    10 |    21 ||    31
         Trog's Hand       |       |       |     1 |     3 ||     4
  Evoke: Wand              |       |       |     1 |     4 ||     5
    Use: Scroll            |     1 |    10 |     1 |    19 ||    31
         Potion            |       |       |       |     9 ||     9
   Stab: Sleeping          |    15 |    14 |    12 |    10 ||    51
         Petrified         |       |       |       |     2 ||     2
 Armour: Robe              |    25 |    22 |    27 |       ||    74
         Leather armour    |       |       |    23 |     1 ||    24
         Steam dragon scal |       |       |       |   219 ||   219
         Skin              |       |       |       |    26 ||    26
  Dodge: Dodged            |    40 |    66 |   100 |   257 ||   463
  Block: Kite shield       |       |       |    45 |   308 ||   353

Table legend: (Time is in decaauts)
 A = Elapsed time spent in this place.
 B = Non-inter-level travel time spent in this place.
 C = Inter-level travel time spent in this place.
 D = Time resting spent in this place.
 E = Time spent auto-exploring this place.
 F = Levels seen in this place.
 G = Mean time per level.
                   A        B        C        D        E       F      G
               +--------+--------+--------+--------+--------+-----+--------+
         Total |  14087 |  13123 |    964 |   3628 |   6191 |  12 | 1173.9 |
       Dungeon |  13606 |  12642 |    964 |   3510 |   6187 |  11 | 1236.9 |
        Bailey |    480 |    480 |      0 |    118 |      4 |   1 |  480.0 |
               +--------+--------+--------+--------+--------+-----+--------+

Top non-repeatable levels by time:
    D:11: 2438 daAuts
     D:9: 1896 daAuts
     D:7: 1872 daAuts
    D:10: 1596 daAuts
     D:6: 1307 daAuts
     D:3: 1155 daAuts
     D:2: 782 daAuts
     D:5: 756 daAuts
     D:8: 715 daAuts
     D:1: 625 daAuts
  Bailey: 480 daAuts
     D:4: 461 daAuts

Table legend:
 A = Kills in this place as a percentage of kills in the entire game.
 B = Kills by you in this place as a percentage of kills by you in the entire game.
 C = Kills by friends in this place as a percentage of kills by friends in the entire game.
 D = Other kills in this place as a percentage of other kills in the entire game.
 E = Experience gained in this place as a percentage of experience gained in the entire game.
 F = Experience gained in this place divided by the number of levels of this place that you have seen.
                   A       B       C       D       E      F
               +-------+-------+-------+-------+-------+----------------------
         Total | 100.0 | 100.0 |   N/A |   N/A | 100.0 | 2650.7
       Dungeon |  87.9 |  87.9 |   N/A |   N/A |  92.4 | 2672.9
        Bailey |  12.1 |  12.1 |   N/A |   N/A |   7.6 | 2406.0
               +-------+-------+-------+-------+-------+----------------------

Levels and vault maps discovered:
D:1:      lightli_molten_gateway, layout_rooms, moated_statue
D:2:      layout_loops_ring, serial_shops, shop,
          shapermc_ecumenical_altar_hornbeckon
D:3:      layout_basic, lemuel_doored_altar, roderic_roman_lattice, uniq_robin,
          uniq_sigmund
D:4:      layout_rooms
D:5:      layout_basic, mainiacjoe_overflow_alcove_2
D:6:      layout_cave_pools, nicolae_overflow_two_pavilions,
          kennysheep_cluttered_room
D:7:      layout_loops_corners, minitemple, minmay_temple_entry_butterflies,
          uniq_duvessa
D:8:      layout_rooms, lemuel_crystal_altar, nicolae_overflow_hidden_temple,
          dpeg_lair_monsters, serial_glass, glass_columns_b, glass_columns_a,
          glass_columns_a, glass_columns_a, uniq_maggie
D:9:      layout_loops_ring, mainiacjoe_overflow_paths, orc_0_dummy,
          enter_bailey_4, nicolae_rejected_hall
D:10:     layout_loops_cross, grunt_dithmenos_smoke,
          kennysheep_cross_bottleneck, hangedman_decor_clover_reticule
D:11:     nzn_winding_woodlands_stair_cross
          [nzn_winding_woodlands_5x15_longhouse,
          nzn_winding_woodlands_center_garden,
          nzn_winding_woodlands_5x15_river_crossing,
          nzn_winding_woodlands_5x5_checkerboard,
          nzn_winding_woodlands_5x5_cross, nzn_winding_woodlands_5x15_sawtooth,
          nzn_winding_woodlands_center_pierced_h,
          nzn_winding_woodlands_5x15_pool], layout_loops_ring,
          corexii_leaking_fountain
